[Event "*** Titled Tuesday Blitz"]
[Site "Chess.com"]
[Date "2020.10.20"]
[Round "11"]
[White "dominikaf"]
[Black "MIJuanReyesRosa"]
[Result "1-0"]
[WhiteElo "2205"]
[BlackElo "2096"]
[TimeControl "180+1"]
[EndTime "12:06:21 PDT"]
[Termination "dominikaf won on time"]

1. e4 c6 2. d3 g6 3. g3 Bg7 4. f4 d5 5. e5 Nh6 6. Bg2 O-O 7. c3 c5 8. Nf3 Bg4 9. O-O e6 10. Be3 Qc7 11. h3 Bxf3 12. Bxf3 Nf5 13. Bf2 f6 14. g4 Ne7 15. d4 Nbc6 16. Na3 a6 17.
Nc2 Rac8 18. Rc1 b5 19. Qe2 cxd4 20. Nxd4 Nxd4 21. cxd4 Qxc1 22. Rxc1 Rxc1+ 23. Kg2 Rfc8 24. exf6 Bxf6 25. Qxe6+ Kg7 26. g5 R8c6 27. gxf6+ Kh6 28.
Qxe7 1-0

[Event "*** Titled Tuesday Blitz"]
[Site "Chess.com"]
[Date "2020.10.20"]
[Round "11"]
[White "OsorioFernando"]
[Black "shnitez"]
[Result "1-0"]
[WhiteElo "2290"]
[BlackElo "2415"]
[TimeControl "180+1"]
[EndTime "12:06:30 PDT"]
[Termination "OsorioFernando won by resignation"]

1. e4 c5 2. Nc3 e6 3. g3 d5 4. Bg2 d4 5. Nb1 e5 6. d3 Nc6 7. Ne2 Bd6 8. Nd2 Nge7 9. Nc4 Bc7 10. a4 b6 11. O-O h5 12. h3 h4 13. g4 Ng6 14. f4 Nxf4 15. Nxf4 exf4 16. Bxf4 Bxf4 17.
Rxf4 O-O 18. e5 Rb8 19. Bxc6 Be6 20. Qf3 Qg5 21. Rf1 Rbd8 22. b3 Kh8 23. Qf2 Kg8 24. Be4 Kh8 25. Bg2 Kg8 26. Kh1 Kh8 27. Nd6 Kg8 28. Nxf7 Qe7 29. Nxd8 1-0

[Event "*** Titled Tuesday Blitz"]
[Site "Chess.com"]
[Date "2020.10.20"]
[Round "11"]
[White "Oleksandr_Bortnyk"]
[Black "dretch"]
[Result "1-0"]
[WhiteElo "2894"]
[BlackElo "2813"]
[TimeControl "180+1"]
[EndTime "12:06:38 PDT"]
[Termination "Oleksandr_Bortnyk won by resignation"]

1. d4 d5 2. Nc3 Nf6 3. Bg5 e6 4. e4 dxe4 5. Nxe4 Be7 6. Bxf6 Bxf6 7. Nf3 Nd7 8. Bd3 c5 9. Qd2 O-O 10. O-O-O cxd4 11. g4 Qc7 12. g5 Be5 13. Kb1 Rd8 14.
h4 b6 15. h5 Bb7 16. g6 fxg6 17. hxg6 h6 18. Nfg5 Nf8 19. Rdg1 Bf4 20. Qe2 Bxg5 21.
Rxg5 Rd5 22. Rg4 Rc8 23. Nf6+ gxf6 24. g7 Nh7 25. Qxe6+ 1-0

[Event "*** Titled Tuesday Blitz"]
[Site "Chess.com"]
[Date "2020.10.20"]
[Round "11"]
[White "MisiekZielony"]
[Black "Yoshikrov"]
[Result "1-0"]
[WhiteElo "2278"]
[BlackElo "2121"]
[TimeControl "180+1"]
[EndTime "12:06:38 PDT"]
[Termination "MisiekZielony won by checkmate"]

1. c4 Nf6 2. Nc3 d5 3. cxd5 Nxd5 4. e4 Nxc3 5. dxc3 g6 6. Qxd8+ Kxd8 7. Be3 Bg7 8. O-O-O+ Ke8 9. Bc4 Nc6 10. Bb5 Bd7 11.
Nf3 a6 12. Ba4 e6 13. Bf4 b5 14. Bb3 Rc8 15. e5 Na5 16. Bg5 Nxb3+ 17. axb3 h6 18. Bf6 Bxf6 19. exf6 Bc6 20. Ne5 Bxg2 21. Rhg1 Be4 22.
f3 Bd5 23. c4 bxc4 24. bxc4 Ba8 25. Rd7 Rf8 26. Re7+ Kd8 27. Rd1+ Bd5 28. Nc6# 1-0

[Event "*** Titled Tuesday Blitz"]
[Site "Chess.com"]
[Date "2020.10.20"]
[Round "11"]
[White "AttackSparrow"]
[Black "Lion-Al-Messi"]
[Result "1-0"]
[WhiteElo "2405"]
[BlackElo "2540"]
[TimeControl "180+1"]
[EndTime "12:06:41 PDT"]
[Termination "AttackSparrow won by resignation"]

1. e4 b6 2. d4 Bb7 3. Bd3 e6 4. Nf3 c5 5. c3 Nf6 6. Qe2 Be7 7. O-O Nc6 8. a3 Na5 9. e5 Nd5 10. b4 Nb3 11. Ra2 Nxc1 12. Rxc1 Nf4 13. Qe3 Nxd3 14. Qxd3 Bg5 15. Rd1 O-O 16. Nbd2 cxd4 17. cxd4 d6 18. exd6 Bxd2 19. Raxd2 Qxd6 20. h3 Rad8 21. Qe3 h6 22.
Ne5 Qd5 23. Qg3 f6 24. Ng6 Rf7 25. Nf4 Qd6 26. Rd3 Rfd7 27. Re1 Bd5 28. Rde3 Re8 29. Qg4 Rde7 30. Nh5 Kf7 31. Nf4 g5 32. Qh5+ Kg8 33.
Qg6+ Kh8 34. Qxh6+ Kg8 35. Qg6+ Kh8 36. Qxf6+ Kg8 37.
Qg6+ Kh8 38. Qh6+ Kg8 39. Ng6 Rh7 40. Qxg5 Rg7 41. Rg3 Rf8 42. Qh6 Rf6 43. Qh8+ Kf7 44.
Ne5+ 1-0

[Event "*** Titled Tuesday Blitz"]
[Site "Chess.com"]
[Date "2020.10.20"]
[Round "11"]
[White "Azerichess"]
[Black "Duhless"]
[Result "0-1"]
[WhiteElo "2976"]
[BlackElo "3026"]
[TimeControl "180+1"]
[EndTime "12:06:46 PDT"]
[Termination "Duhless won on time"]

1. d4 Nf6 2. c4 e6 3. Nc3 Bb4 4. Qc2 Nc6 5. Nf3 d6 6. a3 Bxc3+ 7. Qxc3 h6 8. g3 O-O 9. Bg2 Re8 10. O-O e5 11. dxe5 dxe5 12. Be3 Bf5 13. Rfd1 Qe7 14. b4 Be4 15. b5 Nb8 16. c5 Nbd7 17. Rac1 Rad8 18.
Qc4 c6 19. a4 Bd5 20. Qc2 Qe6 21. Nd2 Bxg2 22. Kxg2 Nd5 23. Nc4 N7f6 24. Bd2 e4 25.
Ne3 Nxe3+ 26. Bxe3 Nd5 27. Bd4 Qg4 28. Re1 Nf4+ 0-1

[Event "*** Titled Tuesday Blitz"]
[Site "Chess.com"]
[Date "2020.10.20"]
[Round "11"]
[White "barriochess"]
[Black "kleopl"]
[Result "1-0"]
[WhiteElo "2324"]
[BlackElo "2433"]
[TimeControl "180+1"]
[EndTime "12:06:49 PDT"]
[Termination "barriochess won by resignation"]

1. d4 f5 2. e4 fxe4 3. Nc3 Nf6 4. Bg5 Nc6 5. d5 Ne5 6. Qe2 Nf7 7. f4 d6 8. Bxf6 exf6 9. Nxe4 Be7 10. Nf3 O-O 11.
O-O-O f5 12. Nf2 Bf6 13. Kb1 Qe8 14. Qd2 c5 15. Bd3 b5 16. Rhe1 Qd7 17. h3 c4 18.
Bf1 Qc7 19. c3 a5 20. Nd4 b4 21. Ne6 Qc5 22. Nxc5 dxc5 23. Bxc4 bxc3 24. bxc3 Nd6 25. Qd3 a4 26. Re6 Rd8 27. Rxf6 gxf6 28. Ka1 a3 29. Rb1 Ra4 30. Bb5 Rxf4 31. Qg3+ Rg4 32. hxg4 fxg4 33. c4 f5 34. Re1 1-0

[Event "*** Titled Tuesday Blitz"]
[Site "Chess.com"]
[Date "2020.10.20"]
[Round "11"]
[White "elohunter1999"]
[Black "QuintilianoR"]
[Result "1-0"]
[WhiteElo "2533"]
[BlackElo "2648"]
[TimeControl "180+1"]
[EndTime "12:06:51 PDT"]
[Termination "elohunter1999 won by resignation"]

1. e4 c5 2. Nf3 d6 3. d4 cxd4 4. Nxd4 Nf6 5. Nc3 a6 6. Bg5 e6 7. f4 h6 8. Bh4 Qb6 9. Qd2 Qxb2 10. Rb1 Qa3 11. e5 dxe5 12. fxe5 Nfd7 13. Ne4 Qxa2 14.
Rd1 Qd5 15. Qe3 Bc5 16. Be2 Qxe5 17. Bg3 Qd5 18. c4 Bxd4 19. Rxd4 Qa5+ 20. Rd2 O-O 21. Bd6 Ne5 22. Bxf8 Kxf8 23. O-O Nbd7 24. Nd6 Kg8 25. Kh1 Qc5 26. Qg3 b5 27. Ne8 Qf8 28. Nc7 Ra7 29. Nxe6 fxe6 30. Rxf8+ Kxf8 31. Qf2+ 1-0

[Event "*** Titled Tuesday Blitz"]
[Site "Chess.com"]
[Date "2020.10.20"]
[Round "11"]
[White "Ze-Pequeno"]
[Black "akanga001"]
[Result "1-0"]
[WhiteElo "2221"]
[BlackElo "1898"]
[TimeControl "180+1"]
[EndTime "12:06:51 PDT"]
[Termination "Ze-Pequeno won by checkmate"]

1. e4 e5 2. Nf3 Nc6 3. Nc3 Nf6 4. d4 exd4 5. Nxd4 Bc5 6. Be3 Bxd4 7. Bxd4 Nxd4 8.
Qxd4 O-O 9. O-O-O d6 10. Bc4 Bg4 11. f3 Be6 12. Bxe6 fxe6 13. e5 dxe5 14. Qxe5 Qe7 15.
Rhe1 Rfe8 16. a3 c6 17. h4 Nd7 18. Qg3 Nc5 19. Re5 Qf7 20. Rxc5 Rac8 21. Ne4 b6 22. Rc3 Qh5 23. Nd6 Qh6+ 24. Kb1 Rcd8 25. Rcd3 Rf8 26. Ne4 Rde8 27. Rd7 Rf7 28. Rxf7 Kxf7 29. Nd6+ Ke7 30. Nxe8 Kxe8 31. Qc7 Qxh4 32. Rd7 Qd8 33. Rxd8# 1-0

[Event "*** Titled Tuesday Blitz"]
[Site "Chess.com"]
[Date "2020.10.20"]
[Round "11"]
[White "TC2304"]
[Black "Zmof"]
[Result "0-1"]
[WhiteElo "2232"]
[BlackElo "2173"]
[TimeControl "180+1"]
[EndTime "12:06:51 PDT"]
[Termination "Zmof won by resignation"]

1. d4 Nf6 2. Bg5 e6 3. e4 Be7 4. Nd2 d5 5. e5 Nfd7 6. Bxe7 Qxe7 7. c3 c5 8. Ngf3 Nc6 9. Bd3 h6 10. O-O b6 11. Re1 Bb7 12. Nf1 g5 13. h3 O-O-O 14.
dxc5 Nxc5 15. Be2 Rdg8 16. Nd4 Nxe5 17. b4 Ne4 18. Qa4 Kb8 19. Rac1 g4 20. hxg4 Nxg4 21.
Ba6 Qh4 22. g3 Ngxf2 23. Rxe4 Nxe4 24. Ne2 Nxg3 25. Nexg3 Rxg3+ 26. Nxg3 Qxg3+ 27. Kh1 Qf3+ 28. Kh2 Rg8 0-1

[Event "*** Titled Tuesday Blitz"]
[Site "Chess.com"]
[Date "2020.10.20"]
[Round "11"]
[White "ChelsieMonica"]
[Black "Ajedrez_con_German"]
[Result "0-1"]
[WhiteElo "2347"]
[BlackElo "2445"]
[TimeControl "180+1"]
[EndTime "12:06:52 PDT"]
[Termination "Ajedrez_con_German won by resignation"]

1. e4 e6 2. f4 d5 3. e5 c5 4. Nf3 Nc6 5. Bb5 Ne7 6. Bxc6+ Nxc6 7. Rg1 Be7 8. c3 O-O 9. d4 f6 10. Rf1 cxd4 11. cxd4 Bd7 12. Kf2 Be8 13. Kg1 Bh5 14.
Be3 Qb6 15. Qb3 fxe5 16. dxe5 Bc5 17. Qxb6 axb6 18. Bxc5 bxc5 19. Nc3 Rxf4 20. a3 Bxf3 21. gxf3 Nxe5 22. Kg2 Raf8 23. Rae1 Nxf3 24. Rxe6 Nh4+ 25.
Kg3 Rxf1 26. Kxh4 d4 27. Nd5 Rd8 28. Ne7+ Kh8 29. Kg3 d3 30. Nd5 d2 31. Ne3 Re1 32.
Kf2 Rxe3 0-1

[Event "*** Titled Tuesday Blitz"]
[Site "Chess.com"]
[Date "2020.10.20"]
[Round "11"]
[White "andresgv36"]
[Black "Gusarov91"]
[Result "0-1"]
[WhiteElo "2441"]
[BlackElo "2609"]
[TimeControl "180+1"]
[EndTime "12:06:56 PDT"]
[Termination "Gusarov91 won on time"]

1. d4 Nf6 2. Bf4 d6 3. Nc3 g6 4. e4 Bg7 5. Qd2 Nc6 6. O-O-O O-O 7. f3 Nh5 8. Bh6 Bxd4 9. g4 Ng7 10. Nge2 Be5 11.
f4 Bxc3 12. Qxc3 e5 13. f5 Qh4 14. g5 gxf5 15. Ng3 f4 16. Be2 Nd4 17. Rxd4 exd4 18. Qxd4 Ne6 19. Qg1 fxg3 20. hxg3 Qxe4 21. Bd3 Qe5 22. Qh2 Nxg5 23. Bxg5 Qxg5+ 24. Kb1 h6 0-1

[Event "*** Titled Tuesday Blitz"]
[Site "Chess.com"]
[Date "2020.10.20"]
[Round "11"]
[White "Natalya_Buksa"]
[Black "1977Ivan"]
[Result "0-1"]
[WhiteElo "2555"]
[BlackElo "2688"]
[TimeControl "180+1"]
[EndTime "12:06:57 PDT"]
[Termination "1977Ivan won by resignation"]

1. d4 Nf6 2. Nc3 d5 3. Bf4 e6 4. Nb5 Bb4+ 5. c3 Ba5 6. b4 Bb6 7. a4 a6 8. a5 axb5 9. axb6 Rxa1 10. Qxa1 Na6 11. bxc7 Nxc7 12. e3 O-O 13. Bd3 Bd7 14. Nf3 Na6 15. O-O Qe7 16. Rc1 Rc8 17. Qa5 Nxb4 18. Bb1 Ne4 19. Bxe4 dxe4 20. Ne5 Be8 21. f3 f6 22. Ng4 Nd3 23. Rb1 exf3 24. gxf3 Nxf4 25.
exf4 Qd6 26. Qa2 Rxc3 27. f5 Qxd4+ 28. Kh1 Qd5 29. Qg2 Kf8 30. fxe6 Bc6 31. Re1 Qxf3 32. e7+ Ke8 0-1

[Event "*** Titled Tuesday Blitz"]
[Site "Chess.com"]
[Date "2020.10.20"]
[Round "11"]
[White "ZverevLev"]
[Black "grandcoach"]
[Result "1-0"]
[WhiteElo "2247"]
[BlackElo "2139"]
[TimeControl "180+1"]
[EndTime "12:07:00 PDT"]
[Termination "ZverevLev won on time"]

1. f4 c5 2. Nf3 Nc6 3. g3 g6 4. Bg2 Bg7 5. O-O d5 6. d3 Nf6 7. Nbd2 O-O 8. e4 dxe4 9. dxe4 b6 10. c3 Ba6 11. Re1 Qd7 12. Qa4 Na5 13. Qxd7 Nxd7 14. e5 Rad8 15. e6 fxe6 16. Ng5 Rf6 17. Nde4 Rf5 18. Bh3 Nf6 19. Bxf5 exf5 20. Nxf6+ Bxf6 21. Ne6 Rd3 22. Nc7 Bb7 23. Ne8 Kf7 24. Nxf6 exf6 25. b3 Rxc3 26. Bd2 Rc2 27. Bxa5 bxa5 28. Rad1 Rg2+ 29. Kf1 Bf3 30. Rd7+ Kf8 31. Re3 Bc6 32. Rc7 Bd5 33. Rc8+ Kf7 34. Rxc5 1-0

[Event "*** Titled Tuesday Blitz"]
[Site "Chess.com"]
[Date "2020.10.20"]
[Round "11"]
[White "K_A_S_T_O_R"]
[Black "sotochess"]
[Result "1-0"]
[WhiteElo "2816"]
[BlackElo "2638"]
[TimeControl "180+1"]
[EndTime "12:07:05 PDT"]
[Termination "K_A_S_T_O_R won by resignation"]

1. e4 d5 2. exd5 Qxd5 3. Nc3 Qa5 4. g3 c6 5. Bg2 Nf6 6. h3 Bf5 7. Nf3 Nbd7 8. O-O e6 9. d3 h6 10. Qe2 Be7 11. Re1 O-O 12. a3 Rfe8 13. Bd2 Qc7 14. b4 a6 15. Rab1 Nd5 16. Ne4 Bh7 17. Rbd1 Bf8 18. c4 N5f6 19. Bf4 e5 20. Nxf6+ gxf6 21. Bc1 a5 22. c5 axb4 23. axb4 b6 24. d4 exd4 25. Qxe8 Rxe8 26. Rxe8 bxc5 27. bxc5 Nxc5 28. Bxh6 Nd7 29. Rxd4 Bf5 30. Bxf8 Nxf8 31. Rdd8 Kg7 32. Rxf8 c5 33. Rg8+ Kh6 34. Rh8+ Bh7 35. Rdg8 c4 36. Nh4 Qe5 37. f4 Qc5+ 38. Kh2 f5 39. g4 fxg4 40. hxg4 f6 41. Nf5+ 1-0

[Event "*** Titled Tuesday Blitz"]
[Site "Chess.com"]
[Date "2020.10.20"]
[Round "11"]
[White "cukin84"]
[Black "ChronicUnhappiness"]
[Result "0-1"]
[WhiteElo "2040"]
[BlackElo "2250"]
[TimeControl "180+1"]
[EndTime "12:07:06 PDT"]
[Termination "ChronicUnhappiness won by resignation"]

1. e4 d6 2. d4 Nf6 3. Nc3 g6 4. Be3 Bg7 5. f3 O-O 6. Qd2 e5 7. d5 c6 8. dxc6 Nxc6 9. O-O-O Be6 10. Qxd6 Qa5 11. Qa3 Qxa3 12. bxa3 Rfc8 13. Bb5 Nd4 14. Bxd4 exd4 15. Nd5 Bxd5 16. exd5 Nxd5 17. Ne2 Rc5 18. Ba4 Ne3 19. Rd3 Rac8 20. Nxd4 Bxd4 21. Rxd4 Nxc2 22. Bxc2 Rxc2+ 23. Kb1 Rxg2 24. Rhd1 Rcc2 25. Rd8+ Kg7 26. R1d7 Rb2+ 27. Kc1 Rxa2 28. Kb1 Rxa3 29. Rxb7 Rxf3 30. Rd1 Rxh2 31. Rxa7 h5 32. Rg1 h4 33. Kc1 h3 34. Kd1 Rg2 35. Rh1 h2 0-1

[Event "*** Titled Tuesday Blitz"]
[Site "Chess.com"]
[Date "2020.10.20"]
[Round "11"]
[White "Carnivoras"]
[Black "BigAl"]
[Result "1-0"]
[WhiteElo "2640"]
[BlackElo "2482"]
[TimeControl "180+1"]
[EndTime "12:07:09 PDT"]
[Termination "Carnivoras won by resignation"]

1. d4 Nf6 2. c4 g6 3. Nc3 Bg7 4. e4 O-O 5. Nf3 d6 6. Be2 Bg4 7. O-O Nbd7 8. Nd2 Bxe2 9. Qxe2 e5 10. d5 a5 11. b3 Nh5 12. g3 b6 13. a3 Qe8 14. Bb2 f5 15. exf5 gxf5 16. Nb5 Rc8 17.
b4 Qg6 18. Kh1 Kh8 19. Bc3 a4 20. Rae1 Ndf6 21. Nf3 Ne4 22. Nh4 Qf6 23. Qxh5 Bh6 24. Nxf5 Qxf5 25. Qxf5 Rxf5 26. Rxe4 Rf3 27. Kg2 Rcf8 28.
Bb2 Rb3 29. Bc1 Bxc1 30. Rxc1 Rb2 31. Rf1 Rf7 32. Re3 Kg7 33. Rf3 Re7 34. Re1 Rc2 35.
Re4 h5 36. Rh4 Kg6 37. Nc3 Rf7 38. Rxf7 Kxf7 39. Nxa4 Kg6 40. Re4 Kf5 41. Re3 Rxc4 42. Rc3 Rd4 43. Rxc7 b5 44. Nc3 e4 45. Rc6 Ke5 46.
Rxd6 Rd3 47. Re6+ Kd4 48. Nxb5+ Kxd5 49. Rd6+ Kc4 50. Rb6 Rd2 51. Nd6+ Kd5 52. Nf5 Kc4 53. Ne3+ Kd3 54. Rd6+ Ke2 55. Rxd2+ Kxd2 56. b5 1-0

[Event "*** Titled Tuesday Blitz"]
[Site "Chess.com"]
[Date "2020.10.20"]
[Round "11"]
[White "ftorodent"]
[Black "PLAYER_2006_M"]
[Result "1-0"]
[WhiteElo "2665"]
[BlackElo "2518"]
[TimeControl "180+1"]
[EndTime "12:07:12 PDT"]
[Termination "ftorodent won by resignation"]

1. d4 Nf6 2. Bg5 e6 3. e4 h6 4. Bxf6 Qxf6 5. Nf3 c5 6. e5 Qd8 7. d5 d6 8. Bb5+ Bd7 9. Bxd7+ Qxd7 10. Nc3 exd5 11.
Qxd5 Nc6 12. O-O-O O-O-O 13. Rhe1 dxe5 14. Qe4 Qc7 15. Rxd8+ Qxd8 16. Nxe5 Nxe5 17. Qxe5 Bd6 18. Qxg7 Qg5+ 19. Qxg5 hxg5 20. h3 f5 21. Re6 Kd7 22.
Rf6 g4 23. hxg4 fxg4 24. Ne4 Be7 25. Rg6 b6 26. Kd2 Rd8 27. Ke3 c4 28. Rxg4 Kc6 29. Rg7 Rd7 30. Ke2 Kd5 31. Nf6+ 1-0

[Event "*** Titled Tuesday Blitz"]
[Site "Chess.com"]
[Date "2020.10.20"]
[Round "11"]
[White "witcher8"]
[Black "Legendinunknown"]
[Result "0-1"]
[WhiteElo "2436"]
[BlackElo "2610"]
[TimeControl "180+1"]
[EndTime "12:07:12 PDT"]
[Termination "Legendinunknown won on time"]

1. e4 e5 2. Nf3 Nc6 3. Bc4 Nf6 4. Ng5 d5 5. exd5 Nd4 6. c3 b5 7. Bf1 Nxd5 8. cxd4 Qxg5 9. Bxb5+ Kd8 10. O-O Bb7 11. Qf3 Rb8 12. dxe5 Nf4 13. Qg3 Qf5 14. d4 Nxg2 15. f3 c5 16. Qxg2 cxd4 17. Qg5+ Qxg5+ 18. Bxg5+ Kc7 19. Bf4 Bd5 20. Bd3 g5 21. Bxg5 Rg8 22. h4 h6 23. f4 hxg5 24. hxg5 Rxb2 25. Rf2 Rxf2 26. Kxf2 Rh8 27. Nd2 Rh2+ 0-1

[Event "*** Titled Tuesday Blitz"]
[Site "Chess.com"]
[Date "2020.10.20"]
[Round "11"]
[White "11kevin"]
[Black "FredyMatsuura"]
[Result "1-0"]
[WhiteElo "2574"]
[BlackElo "2393"]
[TimeControl "180+1"]
[EndTime "12:07:14 PDT"]
[Termination "11kevin won by resignation"]

1. Nf3 Nf6 2. g3 b6 3. Bg2 Bb7 4. O-O g6 5. d4 Bg7 6. c4 O-O 7. Nc3 Ne4 8. Qc2 Nxc3 9. Qxc3 c5 10. Qd3 cxd4 11. Nxd4 Bxg2 12. Kxg2 Nc6 13. Nf3 Qc7 14. Bf4 d6 15. Rac1 Bxb2 16. Rb1 Bg7 17. Rfc1 Rfc8 18. h4 Qd7 19. h5 Qg4 20. hxg6 hxg6 21. Rh1 e5 22.
Rh4 Qd7 23. Bh6 Bf6 24. Bg5 Bg7 25. Rbh1 Qe6 26. Nd2 Nd4 27. Be3 Nf5 28. R4h3 Rc7 29. Bg5 f6 30. Be3 Nxe3+ 31. Qxe3 Rac8 32. Qd3 Kf7 33. Rh7 Rc6 34. R1h6 Qf5 35. Qd5+ Kf8 36. Rh8+ Bxh8 37. Rxh8+ Kg7 38. Rh4 Qd7 39. Ne4 Qf7 40.
Rh7+ 1-0

[Event "*** Titled Tuesday Blitz"]
[Site "Chess.com"]
[Date "2020.10.20"]
[Round "11"]
[White "Flopezin"]
[Black "ShahMatKanal"]
[Result "0-1"]
[WhiteElo "2344"]
[BlackElo "2440"]
[TimeControl "180+1"]
[EndTime "12:07:19 PDT"]
[Termination "ShahMatKanal won by resignation"]

1. c4 e5 2. Nc3 Nc6 3. Nf3 Bb4 4. Nd5 Bc5 5. d3 Nf6 6. g3 d6 7. Bg5 Bb4+ 8. Nxb4 Nxb4 9. Bg2 h6 10. Bd2 Nc6 11. Bc3 Bg4 12. h3 Be6 13. O-O Qd7 14. Kh2 g5 15. b4 g4 16. Ng1 gxh3 17. Bxh3 h5 18. b5 Nd4 19. Bxd4 exd4 20. Bxe6 fxe6 21. Nf3 h4 22.
gxh4 O-O-O 23. Rg1 e5 24. Qf1 Ng4+ 25. Kh1 Rdg8 26. Rg3 c6 27. bxc6 bxc6 28. Qg2 Rg7 29. Rg1 Rhg8 30. Ng5 Rxg5 31. hxg5 Rh8+ 32. Rh3 Rxh3+ 33.
Qxh3 Nxf2+ 34. Kg2 Nxh3 0-1

[Event "*** Titled Tuesday Blitz"]
[Site "Chess.com"]
[Date "2020.10.20"]
[Round "11"]
[White "qaswara1977"]
[Black "shriyanasmallya"]
[Result "1-0"]
[WhiteElo "2466"]
[BlackElo "1654"]
[TimeControl "180+1"]
[EndTime "12:07:19 PDT"]
[Termination "qaswara1977 won by resignation"]

1. b3 d5 2. Bb2 Nf6 3. h3 e6 4. g4 Nfd7 5. Nf3 Nc6 6. e3 e5 7. Bb5 Bd6 8. d4 e4 9. Nfd2 Qh4 10. c4 dxc4 11. Nxe4 cxb3 12. Nxd6+ cxd6 13. Qxb3 O-O 14. Nd2 Nf6 15. Nf3 Qh6 16. g5 Qh5 17. Be2 Ne8 18. O-O-O Qg6 19. Rhg1 Bxh3 20. Nh4 Qe4 21.
Rg3 Qxh4 22. Rh1 Rc8 23. Kd2 Na5 24. Qa4 Qe4 25. Rhxh3 b6 26. Bd3 Qe6 27. Bxh7+ Kh8 28. Bf5+ Kg8 29. Bxe6 fxe6 30. Qd7 Rxf2+ 31. Ke1 Rf7 32. Qxc8 1-0

[Event "*** Titled Tuesday Blitz"]
[Site "Chess.com"]
[Date "2020.10.20"]
[Round "11"]
[White "ChessQueen"]
[Black "Guenplen"]
[Result "0-1"]
[WhiteElo "2726"]
[BlackElo "2850"]
[TimeControl "180+1"]
[EndTime "12:07:20 PDT"]
[Termination "Guenplen won by resignation"]

1. e4 c5 2. c3 e6 3. Nf3 d5 4.
exd5 exd5 5. d4 a6 6. Bd3 c4 7. Bc2 Bd6 8. Qe2+ Ne7 9. b3 cxb3 10.
axb3 Nc6 11. O-O O-O 12. h3 Bf5 13. Bxf5 Nxf5 14. Qd3 Qd7 15. Na3 Rfe8 16. Nc2 h6 17. Ne3 Nxe3 18. Bxe3 Re6 19. c4 Rg6 20. Kh1 Re8 21.
Rae1 Nb4 22. Qd2 a5 23. Bf4 Re4 24. Bxd6 Rxd6 25. Ne5 Qf5 26. c5 Re6 27. Rxe4 Qxe4 28. Ra1 Nc2 29. Rxa5 Nxd4 30. Ra8+ Kh7 31. Nxf7 Qb1+ 32.
Kh2 Ne2 33. Rh8+ Kg6 34. Rxh6+ Kxf7 0-1

[Event "*** Titled Tuesday Blitz"]
[Site "Chess.com"]
[Date "2020.10.20"]
[Round "11"]
[White "enriquetejedor"]
[Black "korkmaz16"]
[Result "1-0"]
[WhiteElo "2453"]
[BlackElo "2349"]
[TimeControl "180+1"]
[EndTime "12:07:23 PDT"]
[Termination "enriquetejedor won on time"]

1. d4 d5 2. c4 e5 3. e3 exd4 4. exd4 Nf6 5. Nf3 Bb4+ 6. Bd2 Bxd2+ 7. Nbxd2 O-O 8. Be2 dxc4 9. O-O b5 10. a4 c6 11.
b3 c3 12. Nb1 b4 13. h3 a5 14.
Ne5 Qc7 15. Bf3 Bb7 16. Re1 Rd8 17. Qd3 c5 18. Nxc3 Rxd4 19. Nb5 Qxe5 20. Rxe5 Rxd3 21. Bxb7 Nbd7 22. Re3 Rxe3 23. fxe3 Re8 24. Kf2 Ne4+ 25. Bxe4 Rxe4 26. Rd1 Re7 27. Nd6 Nf6 28. Nc4 Ne4+ 29. Kf3 g6 30. Rd8+ Kg7 31. Nxa5 Nc3 32. Nc4 Re6 33. a5 Rf6+ 34. Kg3 Ne4+ 35. Kh2 h5 36. Rd5 Rf1 37. g4 h4 38. Kg2 Rf2+ 39. Kg1 Ra2 40. Re5 f6 41. Rxe4 1-0

[Event "*** Titled Tuesday Blitz"]
[Site "Chess.com"]
[Date "2020.10.20"]
[Round "11"]
[White "IwkooO"]
[Black "AlexeiShirov"]
[Result "0-1"]
[WhiteElo "2631"]
[BlackElo "2802"]
[TimeControl "180+1"]
[EndTime "12:07:24 PDT"]
[Termination "AlexeiShirov won by resignation"]

1. e4 e5 2. Nf3 Nc6 3. Bb5 a6 4. Ba4 Nf6 5. O-O b5 6. Bb3 Bc5 7. a4 Rb8 8. axb5 axb5 9. Nxe5 Nxe5 10. d4 Bxd4 11. Qxd4 d6 12. f4 Nc6 13. Qd3 Nb4 14.
Bxf7+ Kxf7 15. Qb3+ Be6 16. Qxb4 Bc4 17. Re1 Re8 18.
b3 c5 19. Qc3 Nxe4 20. Ra7+ Re7 21. Qa1 Bd5 22. Nc3 Ra8 23. Rxe7+ Qxe7 24. Nxd5 Qb7 25.
Qb2 Qxd5 26. Be3 b4 27. Qc1 Nc3 28. Bd2 Qd4+ 29. Kh1 Ne4 30. Be3 Qc3 31. Qd1 Re8 32. Kg1 Kf8 33. Re2 Qf6 34. Qd3 Qa1+ 0-1

[Event "*** Titled Tuesday Blitz"]
[Site "Chess.com"]
[Date "2020.10.20"]
[Round "11"]
[White "TorFredrikKaasen"]
[Black "Euwe1234"]
[Result "1-0"]
[WhiteElo "2698"]
[BlackElo "2408"]
[TimeControl "180+1"]
[EndTime "12:07:24 PDT"]
[Termination "TorFredrikKaasen won by resignation"]

1. d4 d5 2. c4 c6 3. Nf3 Nf6 4. e3 Bf5 5. Nc3 e6 6. Nh4 Bg6 7. Nxg6 hxg6 8. Bd2 Bd6 9. Qb3 Qb6 10.
c5 Qxb3 11. axb3 Bc7 12. b4 Nbd7 13. b5 Ke7 14. bxc6 bxc6 15. Ra6 Nb8 16. Ra2 Nbd7 17. f4 g5 18. fxg5 Ng4 19. h3 Bg3+ 20. Ke2 f5 21. Kf3 Bc7 22. g3 Rh5 23. Kg2 Rah8 24. Be2 Bb8 25.
Raa1 e5 26. hxg4 Rxh1 27. Rxh1 Rxh1 28. Kxh1 exd4 29. exd4 fxg4 30. Bxg4 Bxg3 31. Kg2 Bc7 32. Bd1 Nf8 33. Ba4 Ne6 34. Be3 Nd8 35. Kf3 Ba5 36. Kg4 Ke6 37. Bc2 Kf7 38. g6+ Ke8 39.
Bf5 Bc7 40. Bf4 Ba5 41. Be5 Kf8 42. Bd6+ Ke8 43. Ne2 Nb7 44. Be5 Kf8 45. Nf4 Nd8 46. Ne6+ Nxe6 47. Bxe6 Bd2 48. Bf7 1-0

[Event "*** Titled Tuesday Blitz"]
[Site "Chess.com"]
[Date "2020.10.20"]
[Round "11"]
[White "Goryachkina"]
[Black "SCIM"]
[Result "1/2-1/2"]
[WhiteElo "2640"]
[BlackElo "2477"]
[TimeControl "180+1"]
[EndTime "12:07:25 PDT"]
[Termination "Game drawn by repetition"]

1. e4 c5 2. Nf3 e6 3. c3 Nf6 4. e5 Nd5 5. Bc4 d6 6. d4 cxd4 7. cxd4 Be7 8. O-O O-O 9. Bxd5 exd5 10. Nc3 Be6 11. Bf4 Nc6 12. exd6 Bxd6 13. Bxd6 Qxd6 14. h3 Rfe8 15. Re1 Bf5 16. Qd2 Be4 17. Ng5 h6 18.
Ngxe4 dxe4 19. Rxe4 Rxe4 20. Nxe4 Qxd4 21. Qxd4 Nxd4 22.
Rd1 Rd8 23. Kf1 Kf8 24. Nc5 b6 25. Nb3 Ne6 26. Rxd8+ Nxd8 27. Nd4 Ke7 28. Ke2 a6 29. Ke3 Ne6 30. Nf5+ Kd7 31. g4 Kc6 32. h4 Kd5 33.
f4 b5 34. h5 a5 35. Ne7+ Kd6 36. Nf5+ Kd5 37. Ne7+ Kd6 38. Nf5+ Kd5 1/2-1/2

[Event "*** Titled Tuesday Blitz"]
[Site "Chess.com"]
[Date "2020.10.20"]
[Round "11"]
[White "RaunakSadhwani2005"]
[Black "DenisQ"]
[Result "1-0"]
[WhiteElo "2943"]
[BlackElo "2674"]
[TimeControl "180+1"]
[EndTime "12:07:27 PDT"]
[Termination "RaunakSadhwani2005 won by resignation"]

1. e4 c6 2. Nf3 d5 3. Nc3 Bg4 4. h3 Bh5 5. exd5 cxd5 6. g4 Bg6 7. d4 Nc6 8. Bb5 Rc8 9. Ne5 e6 10. h4 f6 11. h5 Bxc2 12. Qxc2 fxe5 13. dxe5 Bb4 14. a3 Bxc3+ 15. Qxc3 Nh6 16. Bxh6 gxh6 17. Qd2 Qg5 18. Qxg5 hxg5 19. Rc1 Ke7 20. Bxc6 Rxc6 21. Rxc6 bxc6 22. Ke2 Rf8 23. Rc1 Kd7 24. Rc3 Rf4 25. Rf3 Re4+ 26. Kd3 Ke7 27. Rf6 Rxe5 28. Rh6 Re4 29. Rxh7+ Kf6 30. f3 Rf4 31. Ke2 a5 32. Rh6+ Kf7 33. Rg6 Rc4 34. Rxg5 Rc2+ 35. Ke3 Rxb2 36.
h6 Rh2 37. Rg7+ Kf8 38. g5 e5 39. Rc7 Rh5 40. h7 1-0

[Event "*** Titled Tuesday Blitz"]
[Site "Chess.com"]
[Date "2020.10.20"]
[Round "11"]
[White "kai_nov"]
[Black "Piotrek1979"]
[Result "1-0"]
[WhiteElo "2294"]
[BlackElo "2398"]
[TimeControl "180+1"]
[EndTime "12:07:27 PDT"]
[Termination "kai_nov won by resignation"]

1. d4 Nc6 2. d5 Ne5 3. f4 Ng6 4.
e4 e6 5. dxe6 fxe6 6. Nf3 Bc5 7.
Nc3 N8e7 8. h4 O-O 9. h5 Nxf4 10. g3 Nxh5 11. Rxh5 d6 12. e5 d5 13. Bd3 g6 14.
Rh2 Nf5 15. Bg5 Qe8 16. Qe2 Nxg3 17. Qg2 Ne4 18. Bxe4 dxe4 19. Nxe4 Bb4+ 20. c3 Qc6 21.
Nf6+ Rxf6 22. Bxf6 Bxc3+ 23. bxc3 Qxc3+ 24. Ke2 Qb2+ 25. Nd2 Qxa1 26. Rxh7 Kxh7 27. Qh3+ 1-0